 Dungeon Crawl Stone Soup version 0.22-a0-433-gd2a9cce (webtiles) character file.

2240 Firecrotchwizard the Thaumaturge (level 9, -9/65 HPs)
             Began as a Gnoll Wizard on May 27, 2018.
             Was a Follower of Sif Muna.
             Mangled by a warg (15 damage)
             ... on level 8 of the Dungeon.
             The game lasted 00:26:20 (9739 turns).

Firecrotchwizard the Thaumaturge (Gnoll Wizard)     Turns: 9739, Time: 00:26:21

Health: -9/65      AC:  3    Str: 10    XL:     9   Next: 36%
Magic:  6/21       EV: 15    Int: 23    God:    Sif Muna [*.....]
Gold:   283        SH:  0    Dex: 14    Spells: 13/24 levels left

rFire    + . .     SeeInvis .   y - +1 long sword (holy)
rCold    . . .     Gourm    .   (no shield)
rNeg     . . .     Faith    .   a - +0 robe
rPois    .         Spirit   .   b - +0 hat
rElec    .         Reflect  .   (no cloak)
rCorr    .         Harm     .   (no gloves)
MR       +....                  f - +0 pair of boots
Stlth    +++.......             (no amulet)
HPRegen  0.20/turn              h - ring of protection from fire {rF+, !d}
MPRegen  0.17/turn              v - ring of protection from magic {MR+, !d}

@: no status effects
A: distributed training, fangs 1, strong nose
a: Divine Energy, Renounce Religion


You were on level 8 of the Dungeon.
You worshipped Sif Muna.
Sif Muna was aware of your devotion.
You were not hungry.

You visited 1 branch of the dungeon, and saw 8 of its levels.
You also visited: Ossuary.

You collected 283 gold pieces.

Inventory:

Hand Weapons
 y - a +1 long sword of holy wrath (weapon)
   (You found it on level 7 of the Dungeon)
Armour
 a - a +0 robe (worn)
 b - a +0 hat (worn)
 f - a +0 pair of boots (worn)
   (You found it on level 5 of the Dungeon)
Jewellery
 h - a ring of protection from fire (left hand) {rF+, !d}
   (You found it on level 4 of the Dungeon)
 v - a ring of protection from magic (right hand) {MR+, !d}
   (You found it on level 5 of the Dungeon)
Wands
 t - a wand of digging (18)
   (You found it on level 4 of the Dungeon)
 x - a wand of iceblast (10)
   (You took it off Ijyb on level 5 of the Dungeon)
Scrolls
 g - 2 scrolls of identify
 i - 3 scrolls of amnesia
 k - 4 scrolls of teleportation
 m - 3 scrolls of remove curse
 n - 2 scrolls of magic mapping {!r}
 o - 2 scrolls of fog
Potions
 c - a potion of haste {unknown}
 e - 3 potions of ambrosia
 j - a potion of brilliance {unknown}
 l - 5 potions of curing
 q - a potion of flight {unknown}
 s - 2 potions of lignification {!q}
 u - a potion of agility {unknown}
 A - 2 potions of might
Comestibles
 d - 14 rations {@e1}


   Skills:
 + Level 4.1 Fighting
 + Level 4.1 Short Blades
 + Level 4.1 Long Blades
 + Level 4.1 Axes
 + Level 4.1 Maces & Flails
 + Level 4.1 Polearms
 + Level 4.1 Staves
 + Level 4.1 Slings
 + Level 4.1 Bows
 + Level 4.1 Crossbows
 + Level 4.1 Throwing
 + Level 4.1 Armour
 + Level 6.2 Dodging
 + Level 5.9 Stealth
 + Level 4.1 Shields
 + Level 4.1 Unarmed Combat
 + Level 8.3 Spellcasting
 + Level 4.0 Conjurations
 + Level 3.3 Hexes
 + Level 3.3 Charms
 + Level 4.0 Summonings
 + Level 3.3 Necromancy
 + Level 4.0 Translocations
 + Level 3.3 Transmutations
 + Level 3.3 Fire Magic
 + Level 3.3 Ice Magic
 + Level 3.3 Air Magic
 + Level 3.3 Earth Magic
 + Level 3.3 Poison Magic
 + Level 4.5 Invocations
 + Level 4.1 Evocations


You had 13 spell levels left.
You knew the following spells:

 Your Spells              Type           Power        Failure   Level  Hunger
a - Magic Dart            Conj           ####         1%          1    None
b - Blink                 Tloc           N/A          1%          2    None
c - Call Imp              Summ           ####....     1%          2    None
d - Conjure Flame         Conj/Fire      ####....     4%          3    None
x - Mephitic Cloud        Conj/Pois/Air  ####....     4%          3    None

Your spell library contained the following spells:

 Spells                   Type           Power        Failure   Level  Hunger
 Slow                     Hex            ####....     2%          2    None


Dungeon Overview and Level Annotations

Branches:
Dungeon (8/15)             Temple (0/1) D:6
   Lair: D:8-11

Altars:
Cheibriados
Gozag
Hepliaklqana
Kikubaaqudgha
Nemelex Xobeh
Okawaru
Qazlal
Sif Muna
Trog
Uskayaw
Yredelemnul

Shops:
D:5 ::*   D:7 :

Annotations:
D:5 exclusion: Sigmund, Sigmund
D:7 exclusion: centaur, Buffagor's ghost, novice HOFi
D:8 exclusion: two-headed ogre


Innate Abilities, Weirdness & Mutations

Your experience applies equally to all skills.
You have very sharp teeth.
Your uncanny sense of smell can sniff out nearby items.


Message History

You closely miss the warg. The warg barely misses you.
Your crimson imp barely misses the warg.
The warg closely misses you.
You riposte.
You slash the warg! You hit the warg.
Your crimson imp hits the warg but does no damage.
The warg barely misses you.
You riposte.
You miss the warg.
Your crimson imp hits the warg.
You barely miss the warg. Your bite misses the warg. The warg misses you.
You riposte.
You hit the warg.
Your crimson imp hits the warg but does no damage.
The warg closely misses you.
You slash the warg!
You kill the warg!
Sif Muna accepts your kill.
No target in view!
You start resting.
The orc warrior is too close now for your liking.
An orc warrior is nearby!
Aim: an orc warrior, wielding a glaive and wearing a glowing chain mail (hasn't noticed you)
The magic dart hits the orc warrior.
The orc warrior shouts!
You now have 16/21 mp.
A beastly little devil appears in a puff of frigid air.
Your crimson imp blinks!
You now have 14/21 mp.
Aim: an orc warrior, wielding a glaive and wearing a glowing chain mail The magic dart hits the orc warrior.
Your white imp gestures at the orc warrior.
The puff of frost hits the orc warrior.
The orc warrior appears unharmed.
You now have 13/21 mp.
Aim: an orc warrior, wielding a glaive and wearing a glowing chain mail The magic dart hits the orc warrior.
Your white imp gestures at the orc warrior.
The puff of frost hits the orc warrior.
Aim: an orc warrior, wielding a glaive and wearing a glowing chain mail (moderately wounded)
The magic dart hits the orc warrior.
Your white imp barely misses the orc warrior.
You now have 12/21 mp.
Aim: an orc warrior, wielding a glaive and wearing a glowing chain mail (severely wounded)
The magic dart hits the orc warrior.
The orc warrior barely misses you.
Your white imp hits the orc warrior.
Your white imp freezes the orc warrior.
You now have 11/21 mp.
Aim: an orc warrior, wielding a glaive and wearing a glowing chain mail (almost dead)
The magic dart hits the orc warrior.
Your white imp gestures at the orc warrior.
The puff of frost misses the orc warrior.
You now have 10/21 mp.
Aim: an orc warrior, wielding a glaive and wearing a glowing chain mail (almost dead)
The magic dart hits the orc warrior.
The orc warrior misses you.
Your white imp gestures at the orc warrior.
The puff of frost hits the orc warrior.
The orc warrior dies!
Sif Muna accepts your kill.
You now have 9/21 mp.
Aim: an orc, wearing a leather armour The magic dart hits the orc.
You now have 8/21 mp.
You can't see any susceptible monsters within range! (Use Z to cast anyway.) Unknown command.
You swap places.
A warg comes into view.
Your white imp gestures at the orc.
The puff of frost hits the orc.
The orc dies!
Sif Muna accepts your kill.
You swap places.
Things that are here:
a flail; 19 gold pieces; an orc corpse You barely miss the warg.
The warg completely misses you.
Your crimson imp hits the warg.
The warg bites you!
You take 9 damage, and have 42/65 hp.
You are too injured to fight recklessly!
You are too injured to fight recklessly!
You are too injured to fight recklessly!
Aim: a warg (lightly wounded)
The magic dart hits the warg.
The warg barely misses you.
You now have 8/21 mp.
Aim: a warg (moderately wounded)
The magic dart hits the warg.
The warg bites you!
Your crimson imp hits the warg but does no damage.
Your white imp gestures at the warg.
The puff of frost hits the warg.
You take 14 damage, and have 29/65 hp.
MASSIVE DAMAGE!!
Unknown command.
Aim: a warg (moderately wounded)
The magic dart hits the warg.
The warg bites you!
* * * LOW HITPOINT WARNING * * *
Your crimson imp hits the warg but does no damage.
The warg bites you!
* * * LOW HITPOINT WARNING * * *
Your white imp gestures at the warg.
The puff of frost hits the warg.
You take 23 damage, and have 6/65 hp.
MASSIVE DAMAGE!!
You now have 7/21 mp.
Aim: a warg (severely wounded)
The magic dart hits the warg.
Your crimson imp hits the warg.
The warg bites you!
You die...

.. ....## . ..... .### ###
#...# ... ..# #...# ∆ ..#
#.# #(..# #.### #.# #.#
#...# ......#.###.# #...#
..!....<....########...#####
....o##.##h@##..............
... 5<##55..).[........... .
######..#..............
##.#######...##### #.# #...#
#.# #...# ∆ ... #...# ...
#>..# ... #...#


You could see a warg, a friendly crimson imp and a friendly white imp.

Vanquished Creatures
  The ghost of sscrono2 the Covert, a novice OpAs of Ru (D:6)
  A warg (D:8)
  A water moccasin (D:6)
  An ice beast (D:5)
  A phantom (D:8)
  2 ogres (D:7)
  A bullfrog (D:7)
  3 wights (D:6)
  A howler monkey (D:5)
  A crimson imp (D:6)
  3 jellies
  2 hounds (D:7)
  3 orc priests
  A bullfrog skeleton (D:4)
  5 worker ants
  A worker ant zombie (D:6)
  A howler monkey skeleton (D:4)
  5 adders
  3 shadow imps
  An ooze (D:3)
  2 adder skeletons
  5 dart slugs
  6 leopard geckos
  8 orcs
  2 giant cockroaches (D:2)
  6 goblins
  5 hobgoblins
  16 jackals
  2 quokkas
  3 ball pythons
  3 bats
  2 frilled lizards
  A gnoll zombie (Ossuary)
  A hobgoblin zombie (Ossuary)
  A jackal zombie (Ossuary)
  9 kobolds
  2 kobold zombies (Ossuary)
  2 leopard gecko skeletons
  An orc zombie (Ossuary)
  7 rats
122 creatures vanquished.

Vanquished Creatures (collateral kills)
  Prince Ribbit (D:5)
  An orc warrior (D:8)
  A black bear (D:7)
  An ogre (D:4)
  Ijyb (D:5)
  A leopard gecko (D:4)
  An orc (D:8)
  A jackal (D:5)
8 creatures vanquished.

Grand Total: 130 creatures vanquished

Notes
Turn   | Place    | Note
-------+----------+-------------------------------------------
     0 | D:1      | Firecrotchwizard the Gnoll Wizard began the quest for the Orb.
     0 | D:1      | Reached XP level 1. HP: 13/13 MP: 8/8
    90 | D:1      | Reached skill level 2 in Conjurations
    90 | D:1      | Reached skill level 2 in Summonings
    90 | D:1      | Reached skill level 2 in Translocations
   194 | D:1      | Reached XP level 2. HP: 11/19 MP: 6/10
   326 | D:1      | Learned a level 2 spell: Blink
   329 | D:1      | Learned a level 2 spell: Call Imp
  1300 | D:2      | Found a faded altar of an unknown god.
  1332 | D:2      | Reached XP level 3. HP: 22/25 MP: 7/11
  1506 | D:2      | Reached skill level 1 in Invocations
  1694 | D:2      | Reached skill level 1 in Fighting
  1694 | D:2      | Reached skill level 1 in Short Blades
  1694 | D:2      | Reached skill level 1 in Long Blades
  1694 | D:2      | Reached skill level 1 in Axes
  1694 | D:2      | Reached skill level 1 in Maces & Flails
  1694 | D:2      | Reached skill level 1 in Polearms
  1694 | D:2      | Reached skill level 1 in Staves
  1694 | D:2      | Reached skill level 1 in Slings
  1694 | D:2      | Reached skill level 1 in Bows
  1694 | D:2      | Reached skill level 1 in Crossbows
  1694 | D:2      | Reached skill level 1 in Throwing
  1694 | D:2      | Reached skill level 1 in Armour
  1694 | D:2      | Reached skill level 1 in Shields
  1694 | D:2      | Reached skill level 1 in Unarmed Combat
  1694 | D:2      | Reached skill level 1 in Evocations
  1694 | D:2      | Reached XP level 4. HP: 32/32 MP: 7/13
  1699 | D:2      | Learned a level 3 spell: Conjure Flame
  1703 | D:2      | Learned a level 3 spell: Mephitic Cloud
  2411 | D:3      | Found a faded altar of an unknown god.
  2411 | D:3      | Found a deep blue altar of Sif Muna.
  2426 | D:3      | Found a hide-covered altar of Uskayaw.
  2429 | D:3      | Became a worshipper of Sif Muna the Loreminder
  2432 | D:3      | Found a snail-covered altar of Cheibriados.
  2434 | D:3      | Found an iron altar of Okawaru.
  2492 | D:3      | Reached skill level 1 in Hexes
  2492 | D:3      | Reached skill level 1 in Charms
  2492 | D:3      | Reached skill level 1 in Necromancy
  2492 | D:3      | Reached skill level 1 in Transmutations
  2492 | D:3      | Reached skill level 1 in Fire Magic
  2492 | D:3      | Reached skill level 1 in Ice Magic
  2492 | D:3      | Reached skill level 1 in Air Magic
  2492 | D:3      | Reached skill level 1 in Earth Magic
  2492 | D:3      | Reached skill level 1 in Poison Magic
  2676 | D:3      | Found a stormy altar of Qazlal.
  2901 | D:3      | Reached XP level 5. HP: 37/37 MP: 14/14
  3559 | D:4      | HP: 9/37 [poisoned by an adder]
  3566 | D:4      | HP: 8/37 [poisoned by an adder]
  3574 | D:4      | HP: 7/37 [poisoned by an adder]
  3826 | D:4      | Noticed an ogre
  3837 | D:4      | Killed an ogre
  3837 | D:4      | Reached XP level 6. HP: 44/44 MP: 10/16
  3844 | D:4      | Reached skill level 2 in Invocations
  4700 | D:5      | Entered Level 5 of the Dungeon
  4700 | D:5      | Found a bloodstained altar of Trog.
  4787 | D:5      | Noticed Sigmund
  4826 | D:5      | Found a hazy altar of Hepliaklqana.
  4863 | D:5      | Noticed a sky beast
  4888 | D:5      | Noticed Prince Ribbit
  4900 | D:5      | Killed Prince Ribbit
  4900 | D:5      | Reached skill level 2 in Fighting
  4900 | D:5      | Reached skill level 2 in Short Blades
  4900 | D:5      | Reached skill level 2 in Long Blades
  4900 | D:5      | Reached skill level 2 in Axes
  4900 | D:5      | Reached skill level 2 in Maces & Flails
  4900 | D:5      | Reached skill level 2 in Polearms
  4900 | D:5      | Reached skill level 2 in Staves
  4900 | D:5      | Reached skill level 2 in Slings
  4900 | D:5      | Reached skill level 2 in Bows
  4900 | D:5      | Reached skill level 2 in Crossbows
  4900 | D:5      | Reached skill level 2 in Throwing
  4900 | D:5      | Reached skill level 2 in Armour
  4900 | D:5      | Reached skill level 5 in Dodging
  4900 | D:5      | Reached skill level 2 in Shields
  4900 | D:5      | Reached skill level 2 in Unarmed Combat
  4900 | D:5      | Reached skill level 2 in Evocations
  4900 | D:5      | Reached XP level 7. HP: 50/50 MP: 7/18
  4908 | D:5      | Found Xuyta Dyun's Book Emporium.
  4987 | D:5      | Found a deep blue altar of Sif Muna.
  4992 | D:5      | Found Muamn's Book Shop.
  5118 | D:5      | Reached skill level 2 in Hexes
  5118 | D:5      | Reached skill level 2 in Charms
  5118 | D:5      | Reached skill level 2 in Necromancy
  5118 | D:5      | Reached skill level 2 in Transmutations
  5118 | D:5      | Reached skill level 2 in Fire Magic
  5118 | D:5      | Reached skill level 2 in Ice Magic
  5118 | D:5      | Reached skill level 2 in Air Magic
  5118 | D:5      | Reached skill level 2 in Earth Magic
  5118 | D:5      | Reached skill level 2 in Poison Magic
  5130 | D:5      | Noticed Ijyb
  5164 | D:5      | Killed Ijyb
  5249 | D:5      | Reached skill level 3 in Conjurations
  5249 | D:5      | Reached skill level 3 in Summonings
  5249 | D:5      | Reached skill level 3 in Translocations
  5506 | D:5      | Found Ydueckawk's General Store.
  6090 | D:6      | Found a staircase to the Ecumenical Temple.
  6098 | D:6      | Reached skill level 5 in Stealth
  6214 | D:6      | Reached * piety under Sif Muna
  6214 | D:6      | Reached skill level 3 in Invocations
  6219 | D:6      | HP: 12/51 [poisoned by a water moccasin]
  6224 | D:6      | HP: 8/51 [poisoned by a water moccasin]
  6229 | D:6      | HP: 6/51 [poisoned by a water moccasin]
  6235 | D:6      | HP: 4/51 [poisoned by a water moccasin]
  6240 | D:6      | HP: 2/51 [poisoned by a water moccasin]
  6248 | D:6      | HP: 2/51 [poisoned by a water moccasin]
  6653 | D:6      | Found a sand-covered staircase.
  6671 | Ossuary  | Entered an ossuary
  6710 | Ossuary  | HP: 12/51 [goblin zombie (2)]
  6714 | Ossuary  | HP: 5/51 [rat zombie (1)]
  6768 | D:6      | Noticed sscrono2's ghost (novice OpAs)
  7147 | D:6      | Reached XP level 8. HP: 40/57 MP: 16/19
  7331 | D:6      | Killed sscrono2's ghost
  7331 | D:6      | Reached skill level 3 in Fighting
  7331 | D:6      | Reached skill level 3 in Short Blades
  7331 | D:6      | Reached skill level 3 in Long Blades
  7331 | D:6      | Reached skill level 3 in Axes
  7331 | D:6      | Reached skill level 3 in Maces & Flails
  7331 | D:6      | Reached skill level 3 in Polearms
  7331 | D:6      | Reached skill level 3 in Staves
  7331 | D:6      | Reached skill level 3 in Slings
  7331 | D:6      | Reached skill level 3 in Bows
  7331 | D:6      | Reached skill level 3 in Crossbows
  7331 | D:6      | Reached skill level 3 in Throwing
  7331 | D:6      | Reached skill level 3 in Armour
  7331 | D:6      | Reached skill level 3 in Shields
  7331 | D:6      | Reached skill level 3 in Unarmed Combat
  7331 | D:6      | Reached skill level 8 in Spellcasting
  7331 | D:6      | Reached skill level 3 in Evocations
  7344 | D:6      | HP: 14/58 [poisoned by sscrono2's ghost]
  7814 | D:6      | Found a sparkling altar of Nemelex Xobeh.
  8235 | D:7      | Noticed Buffagor's ghost (novice HOFi)
  8269 | D:7      | HP: 13/58 [Buffagor's ghost (13)]
  8519 | D:6      | Reached skill level 4 in Invocations
  8594 | D:7      | Found Ysiuk's Book Emporium.
  8624 | D:7      | Reached skill level 3 in Hexes
  8624 | D:7      | Reached skill level 3 in Charms
  8624 | D:7      | Reached skill level 3 in Necromancy
  8624 | D:7      | Reached skill level 3 in Transmutations
  8624 | D:7      | Reached skill level 3 in Fire Magic
  8624 | D:7      | Reached skill level 3 in Ice Magic
  8624 | D:7      | Reached skill level 3 in Air Magic
  8624 | D:7      | Reached skill level 3 in Earth Magic
  8624 | D:7      | Reached skill level 3 in Poison Magic
  8667 | D:7      | Reached XP level 9. HP: 65/65 MP: 14/21
  8680 | D:7      | Reached skill level 6 in Dodging
  8781 | D:7      | Found an ancient bone altar of Kikubaaqudgha.
  8892 | D:7      | Found a basalt altar of Yredelemnul.
  9015 | D:7      | Found a sparkling altar of Nemelex Xobeh.
  9018 | D:7      | Found an opulent altar of Gozag.
  9655 | D:8      | Reached skill level 4 in Fighting
  9655 | D:8      | Reached skill level 4 in Short Blades
  9655 | D:8      | Reached skill level 4 in Long Blades
  9655 | D:8      | Reached skill level 4 in Axes
  9655 | D:8      | Reached skill level 4 in Maces & Flails
  9655 | D:8      | Reached skill level 4 in Polearms
  9655 | D:8      | Reached skill level 4 in Staves
  9655 | D:8      | Reached skill level 4 in Slings
  9655 | D:8      | Reached skill level 4 in Bows
  9655 | D:8      | Reached skill level 4 in Crossbows
  9655 | D:8      | Reached skill level 4 in Throwing
  9655 | D:8      | Reached skill level 4 in Armour
  9655 | D:8      | Reached skill level 4 in Shields
  9655 | D:8      | Reached skill level 4 in Unarmed Combat
  9655 | D:8      | Reached skill level 4 in Conjurations
  9655 | D:8      | Reached skill level 4 in Summonings
  9655 | D:8      | Reached skill level 4 in Translocations
  9655 | D:8      | Reached skill level 4 in Evocations
  9675 | D:8      | Noticed a two-headed ogre
  9738 | D:8      | HP: 13/65 [warg (16)]
  9738 | D:8      | HP: 6/65 [warg (7)]
  9739 | D:8      | Mangled by a warg

Vault maps used:
D:1:      tarquinn_simple_flora_water_c
D:2:      chequers_ecumenical_altar_simple, first_ration
D:3:      nicolae_qazlal_general_emergency, chequers_temple_overflow_minitemple,
          kennysheep_generic_room_14
D:4:      cheibrodos_helix_gallery, minmay_statues_item,
          kennysheep_generic_room_16
D:5:      old_standard_altar, serial_shops, nicolae_shop_statue_plus, shop,
          nicolae_shop_statue_plus, shop, basic_altar, bloody_trog,
          uniq_prince_ribbit1, uniq_ijyb, uniq_sigmund
D:6:      temple_fountains, enter_ossuary_1, nemelex_lonely_heart_becter
D:7:      grunt_temple_overflow_cloverleaf, serial_shops,
          nicolae_shop_window_shopping
D:8:      erik_lair_orcish_takeover, basic_altar
Ossuary:  ossuary_minmay_tomb_2a

Skill      XL: |  1  2  3  4  5  6  7  8  9 |
---------------+----------------------------+-----
Conjurations   | 2 3 4 |  4.0
Summonings     | 2 3 4 |  4.0
Translocations | 2 3 4 |  4.0
Invocations    | 1 2 3 4 |  4.5
Fighting       | 1 2 3 4 |  4.1
Short Blades   | 1 2 3 4 |  4.1
Long Blades    | 1 2 3 4 |  4.1
Axes           | 1 2 3 4 |  4.1
Maces & Flails | 1 2 3 4 |  4.1
Polearms       | 1 2 3 4 |  4.1
Staves         | 1 2 3 4 |  4.1
Slings         | 1 2 3 4 |  4.1
Bows           | 1 2 3 4 |  4.1
Crossbows      | 1 2 3 4 |  4.1
Throwing       | 1 2 3 4 |  4.1
Armour         | 1 2 3 4 |  4.1
Shields        | 1 2 3 4 |  4.1
Unarmed Combat | 1 2 3 4 |  4.1
Evocations     | 1 2 3 4 |  4.1
Hexes          | 1 2 3 |  3.3
Charms         | 1 2 3 |  3.3
Necromancy     | 1 2 3 |  3.3
Transmutations | 1 2 3 |  3.3
Fire Magic     | 1 2 3 |  3.3
Ice Magic      | 1 2 3 |  3.3
Air Magic      | 1 2 3 |  3.3
Earth Magic    | 1 2 3 |  3.3
Poison Magic   | 1 2 3 |  3.3
Dodging        | 5 6 |  6.2
Stealth        | 5 |  5.9
Spellcasting   | 8 |  8.3

Action                   |  1- 3 |  4- 6 |  7- 9 || total
-------------------------+-------+-------+-------++-------
Melee: Dagger            |    56 |   114 |   193 ||   363
       Bite              |     3 |     7 |    12 ||    22
       Punch             |       |       |     1 ||     1
       Long sword        |       |       |    13 ||    13
 Cast: Magic Dart        |    55 |    93 |   198 ||   346
       Blink             |     1 |     1 |     4 ||     6
       Call Imp          |       |     5 |    16 ||    21
       Mephitic Cloud    |       |       |     1 ||     1
Evoke: Wand              |       |       |     3 ||     3
  Use: Scroll            |       |     5 |     6 ||    11
       Potion            |       |       |     2 ||     2
 Stab: Sleeping          |     3 |    12 |     2 ||    17
  Eat: Chunk             |     2 |    10 |     3 ||    15
       Ration            |       |       |     4 ||     4
Armor: Robe              |     5 |    19 |    25 ||    49
Dodge: Dodged            |    51 |   117 |   149 ||   317
       Rpst.: Long sword |       |       |     5 ||     5

Table legend:
 A = Spawn XP
 B = Non-spawn XP
 C = Spawn XP percentage of total XP
 D = Spawn monster count
 E = Non-spawn monster count
 F = Spawn count percentage of total count
 G = Total turns spent on level
                    A         B        C        D         E        F      G
               +---------+---------+-------+---------+---------+-------+---------
         Total |       0 |    3200 |   0.0 |       0 |     130 |   0.0 |  9739
               +---------+---------+-------+---------+---------+-------+---------
           D:1 |       0 |      27 |   0.0 |       0 |      13 |   0.0 |  1379
           D:2 |       0 |      77 |   0.0 |       0 |      26 |   0.0 |   733
           D:3 |       0 |      62 |   0.0 |       0 |      23 |   0.0 |   994
           D:4 |       0 |     245 |   0.0 |       0 |      14 |   0.0 |  1973
           D:5 |       0 |     539 |   0.0 |       0 |      13 |   0.0 |   924
           D:6 |       0 |    1186 |   0.0 |       0 |      20 |   0.0 |  2324
           D:7 |       0 |     612 |   0.0 |       0 |      10 |   0.0 |  1230
           D:8 |       0 |     446 |   0.0 |       0 |       5 |   0.0 |   138
       Ossuary |       0 |       6 |   0.0 |       0 |       6 |   0.0 |    44
               +---------+---------+-------+---------+---------+-------+---------

Vault maps used:
D:1:      tarquinn_simple_flora_water_c
D:2:      chequers_ecumenical_altar_simple, first_ration
D:3:      nicolae_qazlal_general_emergency, chequers_temple_overflow_minitemple,
          kennysheep_generic_room_14
D:4:      cheibrodos_helix_gallery, minmay_statues_item,
          kennysheep_generic_room_16
D:5:      old_standard_altar, serial_shops, nicolae_shop_statue_plus, shop,
          nicolae_shop_statue_plus, shop, basic_altar, bloody_trog,
          uniq_prince_ribbit1, uniq_ijyb, uniq_sigmund
D:6:      temple_fountains, enter_ossuary_1, nemelex_lonely_heart_becter
D:7:      grunt_temple_overflow_cloverleaf, serial_shops,
          nicolae_shop_window_shopping
D:8:      erik_lair_orcish_takeover, basic_altar
Ossuary:  ossuary_minmay_tomb_2a

Table legend:
 A = Turns spent in this place as a percentage of turns spent in the entire game.
 B = Non-inter-level travel turns spent in this place as a percentage of non-inter-level travel turns spent in the entire game.
 C = Inter-level travel turns spent in this place as a percentage of turns spent in this place.
 D = Turns resting spent in this place as a percentage of non-inter-level travel turns spent in this place.
 E = Turns spent auto-exploring this place as a percentage of non-inter-level travel turns spent in this place.
 F = Non-inter-level travel turns spent in this place divided by the number of levels of this place that you've seen.
                   A       B       C       D       E      F
               +-------+-------+-------+-------+-------+----------------------
         Total | 100.0 | 100.0 |   3.8 |  42.7 |  41.1 | 1040.9
       Dungeon |  99.5 |  99.5 |   3.8 |  42.9 |  41.3 | 1165.5
       Ossuary |   0.5 |   0.5 |   0.0 |   0.0 |   0.0 |  44.0
               +-------+-------+-------+-------+-------+----------------------

Table legend:
 A = Kills in this place as a percentage of kills in entire the game.
 B = Kills by you in this place as a percentage of kills by you in the entire game.
 C = Kills by friends in this place as a percentage of kills by friends in the entire game.
 D = Other kills in this place as a percentage of other kills in the entire game.
 E = Experience gained in this place as a percentage of experience gained in the entire game.
 F = Experience gained in this place divided by the number of levels of this place that you have seen.
                   A       B       C       D       E      F
               +-------+-------+-------+-------+-------+----------------------
         Total | 100.0 | 100.0 | 100.0 |   N/A | 100.0 | 355.6
       Dungeon |  95.4 |  95.1 | 100.0 |   N/A |  99.8 | 399.2
       Ossuary |   4.6 |   4.9 |   0.0 |   N/A |   0.2 |   6.0
               +-------+-------+-------+-------+-------+----------------------
